 Dungeon Crawl Stone Soup version 0.17-a0-2073-gde5cdba (webtiles) character file.

465660 derrpe the Unseen (level 24, -9/131 HPs)
             Began as a Vine Stalker Enchanter on Oct 15, 2015.
             Was the Champion of Ashenzari.
             Mangled by a caustic shrike (25 damage)
             ... on level 2 of the Depths.
             The game lasted 05:20:19 (70445 turns).

derrpe the Unseen (Vine Stalker Enchanter)         Turns: 70445, Time: 05:20:19

Health: -9/131     AC: 20    Str: 11    XL:     24   Next: 57%
Magic:  0/44       EV: 22    Int: 30    God:    Ashenzari [******]
Gold:   1139       SH: 10    Dex: 12    Spells: 13 memorised, 1 level left

rFire  + . .     SeeInvis +     a - +5 pair of quick blades "Gyre" and "Gimble" {pierce, Dex-3}
rCold  + . .     Clarity  +     n - +5 steam dragon armour (curse)
rNeg   . . .     SustAt   .     (no shield)
rPois  .         Gourm    .     c - +2 hat of the Jabberwock {+Blink} (curse)
rElec  .         Spirit   +     k - +2 cloak {MR+} (curse)
rCorr  .         Warding  .     x - +3 pair of gauntlets of War {Slay+5} (curse)
rMut   +         Stasis   .     s - +2 pair of boots (curse)
MR     ++++.                    G - amulet of resist mutation (curse)
Stlth  ++++++++..               O - ring "Ufuerras" {rF+ rC+ Int+3 Dex-3} (curse)
                                K - +5 ring of intelligence (curse)

@: about to teleport, icy shield, corroded equipment, studying Throwing,
incredibly resistant to hostile enchantments, extraordinarily stealthy
A: fangs 3, regeneration 3, weak 1, magic shield, antimagic bite, no device heal
3, rot immunity
a: Scrying, Transfer Knowledge, Renounce Religion, Evoke Blink
}: 2/15 runes: decaying, gossamer


You were on level 2 of the Depths.
You worshipped Ashenzari.
Ashenzari was exalted by your worship.
You were not hungry.

You visited 8 branches of the dungeon, and saw 45 of its levels.
You also visited: Ossuary, Ice Cave and Wizlab.

You collected 6208 gold pieces.
You spent 5069 gold pieces at shops.

Inventory:

Hand Weapons
 a - the +5 pair of quick blades "Gyre" and "Gimble" (weapon) {pierce, Dex-3}
   (You took it off a deep elf conjurer on level 3 of the Elven Halls)

   It inflicts extra damage upon your enemies.
   It affects your dexterity (-3).
 b - a +0 blowgun
Missiles
 h - 14 needles of confusion
 p - 48 javelins (quivered)
 t - a throwing net
 D - 17 poisoned needles
 J - 2 curare-tipped needles
Armour
 c - the cursed +2 hat of the Jabberwock (worn) {+Blink}
   (You bought it in a shop on level 4 of the Orcish Mines)

   It lets you blink.
   It has a curse placed upon it.
 k - a cursed +2 cloak of magic resistance (worn)
 n - a cursed +5 steam dragon armour (worn)
 s - a cursed +2 pair of boots (worn)
 x - the cursed +3 pair of gauntlets of War (worn) {Slay+5}
   (You bought it in a shop on level 15 of the Dungeon)

   It affects your accuracy and damage with ranged weapons and melee attacks
   (+5).
   It has a curse placed upon it.
Jewellery
 y - an uncursed amulet of resist corrosion
 G - a cursed amulet of resist mutation (around neck)
 K - a cursed +5 ring of intelligence (left hand)
 O - the cursed ring "Ufuerras" (right hand) {rF+ rC+ Int+3 Dex-3}
   (You found it on level 4 of the Vaults)

   [ring of dexterity]

   It affects your intelligence (+3).
   It affects your dexterity (-3).
   It protects you from fire.
   It protects you from cold.
   It has a curse placed upon it.
 S - the ring of Nikh {MP+9 Slay+2 Stlth+}
   (You found it on level 3 of the Depths)

   [ring of magical power]

   It affects your accuracy and damage with ranged weapons and melee attacks
   (+2).
   It affects your magic capacity (+9).
   It makes you more stealthy.
Wands
 j - a wand of fire (3)
 q - a wand of teleportation (4)
 M - a wand of disintegration (11)
 Q - a wand of digging (7)
 Y - a wand of paralysis (13)
Scrolls
 e - 6 scrolls of fear
 i - 14 scrolls of amnesia
 l - 3 scrolls of fog
 u - 16 scrolls of identify
 v - 9 scrolls of teleportation
 w - a scroll of blinking
 B - 9 scrolls of magic mapping
 C - 2 scrolls of silence
 L - a scroll of summoning
 T - a scroll of enchant armour
 V - 7 scrolls of recharging
 W - a scroll of curse armour
Potions
 f - a potion of might
 g - 3 potions of cancellation
 m - 5 potions of haste
 o - 25 potions of curing
 r - 5 potions of brilliance
 A - 2 potions of resistance
 F - 3 potions of agility
 H - 2 potions of magic
 I - 2 potions of cure mutation
 N - 5 potions of flight
 P - 2 potions of berserk rage
Books
 E - a manual of Throwing
Comestibles
 d - 28 bread rations {@e1}
 z - 16 meat rations {@e2}
 U - 12 fruits


   Skills:
 + Level 15.0 Fighting
 * Level 12.9 Short Blades
 * Level 11.9 Throwing
 + Level 7.9 Armour
 + Level 14.0(18.0) Dodging
 + Level 20.1(23.6) Stealth
   Level 4.0 Shields
 - Level 16.1 Spellcasting
 - Level 10.5(14.7) Conjurations
 - Level 9.5(13.8) Hexes
 - Level 9.2(13.5) Charms
 - Level 4.0(8.2) Necromancy
 - Level 4.8(9.2) Translocations
 - Level 9.9(14.2) Ice Magic
 - Level 9.8(14.1) Air Magic
 - Level 4.0(8.2) Evocations


You had one spell level left.
You knew the following spells:

 Your Spells              Type           Power        Failure   Level  Hunger
a - Dazzling Spray        Conj/Hex       #######.     0%          3    None
b - Dispel Undead         Necr           ######..     1%          5    None
c - Condensation Shield   Ice            #######...   1%          4    None
d - Tukima's Dance        Hex            #######.     1%          3    None
e - Shroud of Golubria    Chrm/Tloc      #######...   1%          2    None
f - Freezing Cloud        Conj/Ice/Air   #######...   1%          6    ###....
g - Deflect Missiles      Chrm/Air       #######...   1%          6    ###....
h - Haste                 Chrm           #######.     1%          6    ###....
i - Invisibility          Hex            #######.     1%          6    ###....
j - Apportation           Tloc           ######....   1%          1    None
k - Bolt of Cold          Conj/Ice       #######...   1%          6    ###....
l - Ozocubu's Armour      Chrm/Ice       #######.     1%          3    None
r - Regeneration          Chrm/Necr      ######....   1%          3    None


Dungeon Overview and Level Annotations

Branches:
Dungeon (15/15)            Temple (0/1) D:4            Lair (8/8) D:8
  Swamp (4/4) Lair:6       Spider (4/4) Lair:4        Slime (0/6) Lair:8
    Orc (4/4) D:9             Elf (3/3) Orc:3        Vaults (4/5) D:13
  Crypt (0/3) Vaults:3     Depths (3/5) D:15

Altars:
Ashenzari
Cheibriados
Dithmenos
Fedhas
Gozag
Makhleb
Okawaru
Qazlal
Ru
Vehumet
Zin
Beogh
Jiyva

Shops:
D:4 *?[*   D:12 [   D:14 *   D:15 [?=?(   Orc:1 *   Orc:3 }   Orc:4 [[**
Elf:1 !}}*   Vaults:1 [   Vaults:4 ?   Depths:1 *

Portals:
Hell: Lair:8 Depths:1 Depths:2 Depths:3
Pandemonium: Depths:2
Ziggurat: Depths:2

Annotations:
Lair:8 exclusion: door


Innate Abilities, Weirdness & Mutations

You have razor-sharp teeth.
You regenerate.
When hurt, damage is shared between your health and your magic reserves.
Your bite disrupts and absorbs the magic of your enemies.
Potions and wands cannot restore your health.
You are immune to rotting.
You are weak. (Str -2)


Message History

The caustic shrike claws you but does no damage.
The caustic shrike claws you!
You are splashed with acid!
The acid corrodes you!
The acid burns!
Read which item? (? for menu, Esc to quit)
As you read the scroll of teleportation, it crumbles to dust.
You feel strangely unstable. The caustic shrike claws you!
* * * LOW HITPOINT WARNING * * *
You are splashed with acid!
The acid burns!
* * * LOW HITPOINT WARNING * * *
The caustic shrike barely misses you.
Unknown command.
Casting: Condensation Shield
Confirm with . or Enter, or press ? or * to list all spells.
A crackling disc of dense vapour forms in the air!
The caustic shrike claws you!
* * * LOW HITPOINT WARNING * * *
You are splashed with acid!
The acid burns!
* * * LOW HITPOINT WARNING * * *
The caustic shrike claws you!!
You die...

##.....##.....##...##[..
##.##....#......##'##....
##.####................[..
#.## #.........(..........
### ##.............[......
#......<......).[.....
#.>.#....[........∩...
#..D#.................
#..{#@#...............
#...b.................
#.....................
##....................
###..................
#.###..............
##.###./............
#......?[.........##
#.##########......##


You could see a caustic shrike.

Vanquished Creatures
  Frederick (Vaults:4)
  Norris (Vaults:2)
  Jory (Vaults:2)
  4 bone dragons
  Arachne (Spider:3)
  2 tentacled monstrosities
  2 deep elf blademasters (Elf:3)
  2 liches
  A titan (Depths:3)
  2 deep elf master archers (Elf:3)
  3 acid blobs (Depths:2)
  5 sphinxes
  A thorn hunter (Depths:2)
  Frances (D:12)
  2 storm dragons
  2 tengu reavers (Depths:2)
  2 greater nagas (Depths:2)
  4 fire giants
  8 vault wardens
  2 azure jellies
  8 deep elf sorcerers
  Aizul (Depths:3)
  3 ghost moths (Spider:4)
  3 frost giants
  2 balrugs (Depths:2)
  8 emperor scorpions
  14 ironheart preservers
  A vampire knight (D:15)
  12 very ugly things
  9 stone giants
  6 deep elf annihilators (Elf:3)
  9 deep elf demonologists
  The ghost of asdu the Unseen, a journeyman KoTm of Trog (Orc:3)
  Azrael (D:12)
  A salamander stormcaller (Vaults:3)
  2 dire elephants (Lair:8)
  12 purple draconians (WizLab)
  5 green deaths
  Snorg (Orc:1)
  5 deep elf death magi (Elf:3)
  2 merfolk javelineers (Depths:1)
  2 merfolk impalers (Depths:1)
  7 fire dragons
  4 vault guards
  3 rakshasas
  An eidolon (Vaults:3)
  3 ettins
  14 ogre magi
  3 death oozes (Depths:1)
  Josephine (D:12)
  A juggernaut simulacrum (Vaults:3)
  5 deep elf high priests (Elf:3)
  8 yaktaur captains
  20 hydras
  2 ice dragons
  2 naga warriors (Depths:2)
  A catoblepas (D:12)
  2 ghost crabs
  7 entropy weavers
  16 great orbs of eyes
  9 statues (WizLab)
  A hell beast (Depths:2)
  Erica (D:8)
  14 centaur warriors
  A queen ant (Spider:2)
  2 spectral humans (Vaults:3)
  17 dancing weapons
  An anaconda (Depths:2)
  6 deep troll earth magi
  2 vampire magi (Depths:2)
  10 alligators
  2 deep troll shamans
  7 death yaks
  4 tengu warriors
  3 thrashing horrors (Swamp:4)
  2 orc high priests
  Urug (D:11)
  2 fire crabs
  3 soul eaters (Depths:2)
  Nergalle (Orc:2)
  4 spriggans
  19 deep elf knights
  A sun demon (Depths:2)
  2 fire crabs (shapeshifter)
  3 ice devils (Depths:2)
  An iron troll (Depths:2)
  9 skeletal warriors
  11 ironbrand convokers
  11 hell knights
  5 unseen horrors
  23 deep trolls
  10 swamp dragons
  9 hill giants
  4 giant orange brains
  An ice statue (IceCv)
  A shadow dragon zombie (Vaults:4)
  2 obsidian statues (Depths:2)
  2 lindwurms (Vaults:3)
  2 shambling mangroves
  Pikel (D:8)
  6 deep elf summoners
  A sphinx zombie (Vaults:4)
  5 harpies (Vaults:2)
  25 orb spiders
  A wolf spider (shapeshifter) (Elf:3)
  6 necromancers
  A spectral ettin (Vaults:3)
  A tengu zombie (Vaults:4)
  A wolf spider zombie (D:15)
  55 ugly things
  3 flayed ghosts
  7 cyclopes
  8 wizards
  16 deep elf conjurers
  37 wolf spiders
  4 griffons
  A tengu skeleton (Vaults:3)
  A frost giant zombie (Vaults:3)
  6 orc sorcerers
  A manticore (D:10)
  A sphinx skeleton (Vaults:4)
  An oklob plant (Swamp:2)
  A fire giant zombie (Vaults:3)
  16 orc knights
  2 rust devils (Depths:2)
  A manticore (shapeshifter) (Vaults:4)
  11 hornets
  56 slime creatures
  3 sixfirhies (Depths:2)
  7 black mambas
  A guardian serpent (Depths:2)
  Maurice (D:8)
  15 vault sentinels
  An elephant (shapeshifter) (Vaults:3)
  4 elephants (Lair:3)
  3 frost giant skeletons (Depths:1)
  A guardian serpent (shapeshifter) (Vaults:3)
  Joseph (D:8)
  A naga mage (Vaults:3)
  4 torpor snails
  2 molten gargoyles (Vaults:3)
  A smoke demon (Depths:2)
  3 gargoyles
  21 spiny frogs
  3 orange demons
  28 yaktaurs
  6 kobold demonologists
  10 demonic crawlers
  An efreet (D:14)
  14 komodo dragons
  5 tengu conjurers
  2 blue devils (Depths:2)
  7 fire drakes
  14 jumping spiders
  3 trolls
  2 freezing wraiths
  2 red devils (Depths:2)
  9 deep elf priests
  4 human skeletons
  18 polar bears
  2 hellwings (Depths:2)
  A queen bee (shapeshifter) (Depths:3)
  A fire drake (shapeshifter) (Depths:3)
  14 two-headed ogres
  A queen bee (D:13)
  A tengu simulacrum (Vaults:4)
  A blink frog (shapeshifter) (Vaults:4)
  Prince Ribbit (D:8)
  8 giant leeches
  15 blink frogs
  3 boulder beetles
  A shadow dragon simulacrum (Vaults:3)
  A yak (shapeshifter) (Vaults:2)
  15 trapdoor spiders
  A hog (shapeshifter) (Elf:2)
  A ynoxinul (Depths:2)
  38 deep elf magi
  9 water elementals
  41 yaks
  30 tarantellas
  58 redbacks
  7 shadows
  2 spriggan simulacra (Vaults:3)
  28 deep elf fighters
  3 wyverns
  A hog (Vaults:3)
  2 golden eyes (Vaults:3)
  6 wraiths
  A basilisk (Lair:2)
  5 fire elementals
  10 hippogriffs
  A human (shapeshifter) (Vaults:2)
  43 vampire mosquitoes
  19 swamp worms
  3 soldier ants
  9 insubstantial wisps
  A naga (shapeshifter) (D:15)
  A neqoxec (Depths:2)
  A steam dragon (D:9)
  24 wolves
  3 mottled dragons
  43 orc warriors
  4 hell hounds (D:12)
  21 wargs
  17 porcupines
  18 water moccasins
  A necrophage (D:7)
  The ghost of 4thArraOfDagon the Ruffian, an amateur TrMo (Ossuary)
  19 spiders
  6 ice beasts
  5 sky beasts
  8 swamp drakes
  2 black bears
  3 phantoms
  A slave (D:8)
  16 centaurs
  4 boggarts (Vaults:3)
  6 wasps
  8 big kobolds
  40 ogres
  A big kobold (shapeshifter) (Vaults:1)
  22 giant frogs
  16 crocodiles
  A brain worm (D:14)
  A wyvern zombie (Ossuary)
  A water moccasin skeleton (D:6)
  4 scorpions
  2 small abominations (Vaults:3)
  27 killer bees
  A vampire bat (Vaults:3)
  11 bog bodies
  2 electric eels
  5 crimson imps
  4 hounds
  5 centaur zombies
  2 human simulacra
  A lava snake (Vaults:3)
  45 orc wizards
  33 orc priests
  A giant frog skeleton (D:5)
  7 centaur skeletons
  6 iguanas
  13 jellies
  6 giant frog zombies
  An iron imp (Depths:2)
  3 quasits
  14 worker ants
  28 sheep
  3 hound zombies
  11 mummies (Ossuary)
  2 worker ant zombies
  38 river rats
  22 adders
  14 gnolls
  14 white imps
  3 shadow imps
  12 oozes
  4 ufetubi (Depths:2)
  4 adder zombies
  An adder skeleton (D:7)
  4 worms
  9 giant geckos
  237 orcs
  8 giant cockroaches
  8 goblins
  8 hobgoblins
  A jackal (shapeshifter) (Vaults:1)
  16 jackals
  3 quokkas
  3 ball pythons
  6 bats
  A giant cockroach zombie (Ossuary)
  2 giant gecko skeletons
  6 giant newts
  2 jackal zombies
  34 kobolds
  3 quokka zombies (Ossuary)
  17 rats
  A fungus (Lair:5)
  A macabre mass (Vaults:3)
2334 creatures vanquished.

Vanquished Creatures (collateral kills)
  Sojobo (Depths:2)
  Nikola (Swamp:1)
  Rupert (D:12)
  2 vault wardens
  Erolcha (D:8)
  2 ettins
  A catoblepas (Lair:5)
  A naga warrior (Depths:2)
  2 ogre magi
  A tengu warrior (D:15)
  2 orc high priests (Orc:4)
  A spriggan (Swamp:1)
  A skeletal warrior (Depths:2)
  2 deep trolls (Vaults:3)
  2 hill giants
  A spriggan druid (Swamp:2)
  An ironbrand convoker (Vaults:4)
  6 orc knights
  An orc sorcerer (Vaults:4)
  A vault sentinel (Vaults:1)
  A cyclops (Vaults:1)
  3 yaktaurs (Vaults:3)
  A polar bear (IceCv)
  11 two-headed ogres
  A vampire (Depths:2)
  A basilisk (D:8)
  A warg (D:8)
  3 orc warriors (Orc:4)
  10 ogres
  2 wasps (Swamp:1)
  A killer bee (D:12)
  An orc priest (Orc:4)
  An iguana (Lair:5)
  An orc wizard (Vaults:4)
  A gnoll (D:5)
  5 orcs
75 creatures vanquished.

Vanquished Creatures (others)
  A vault warden (Vaults:1)
  A purple draconian (WizLab)
  A deep elf demonologist (Depths:3)
  7 dancing weapons
  A deep elf conjurer (Elf:1)
  An orb spider (Spider:4)
  A polar bear (IceCv)
  A spriggan (Swamp:2)
  2 deep elf magi
  A yak (IceCv)
  A wolf (IceCv)
  A swamp worm (Swamp:3)
  A water moccasin (Lair:8)
  An orc warrior (Vaults:2)
  3 slaves (D:8)
  3 ogres
  2 orc priests
  An orc wizard (Vaults:2)
  A quasit (Depths:3)
  An ufetubus (Depths:3)
  2 orcs
  3 bushes (D:8)
  6 fungi
  45 plants
88 creatures vanquished.

Grand Total: 2497 creatures vanquished

Notes
Turn   | Place    | Note
--------------------------------------------------------------
     0 | D:1      | derrpe the Vine Stalker Enchanter began the quest for the Orb.
     0 | D:1      | Reached XP level 1. HP: 9/9 MP: 4/4
    98 | D:1      | Reached skill level 1 in Short Blades
   349 | D:1      | Reached skill level 4 in Stealth
   349 | D:1      | Reached XP level 2. HP: 13/13 MP: 6/6
   390 | D:1      | Learned a level 2 spell: Ensorcelled Hibernation
   545 | D:1      | Reached XP level 3. HP: 16/16 MP: 7/7
  1152 | D:2      | Found a shattered altar of Ashenzari.
  1157 | D:2      | Became a worshipper of Ashenzari the Shackled
  1389 | D:2      | Reached XP level 4. HP: 18/21 MP: 8/8
  2017 | D:3      | Reached skill level 1 in Ice Magic
  2097 | D:2      | Reached XP level 5. HP: 21/24 MP: 9/9
  2238 | D:3      | Reached skill level 5 in Stealth
  2397 | D:3      | Learned a level 3 spell: Confuse
  2779 | D:3      | You fall through a shaft!
  2782 | D:4      | Found Kiofiaq's Magic Scroll Emporium.
  2785 | D:4      | Bought a scroll of remove curse for 30 gold pieces
  2785 | D:4      | Bought a scroll of teleportation for 30 gold pieces
  2785 | D:4      | Bought a scroll of blinking for 75 gold pieces
  2823 | D:4      | Found Vaepnuxe's Armour Emporium.
  2837 | D:4      | Gained mutation: You heal very quickly. [Vine Stalker growth]
  2837 | D:4      | Reached XP level 6. HP: 28/28 MP: 10/10
  2996 | D:4      | Found a stormy altar of Qazlal.
  3080 | D:4      | Found Ruostun's Assorted Antiques.
  3205 | D:4      | Noticed an ogre
  3390 | D:4      | Found Acuhufiwent's General Store.
  3465 | D:4      | Killed an ogre
  3685 | D:4      | Learned a level 3 spell: Tukima's Dance
  3926 | D:4      | Found a staircase to the Ecumenical Temple.
  3990 | D:4      | Reached XP level 7. HP: 32/32 MP: 11/12
  4202 | D:4      | Bought a scroll of identify for 20 gold pieces
  4202 | D:4      | Bought a scroll of identify for 20 gold pieces
  4202 | D:4      | Bought a scroll of magic mapping for 35 gold pieces
  4301 | D:5      | Entered Level 5 of the Dungeon
  4416 | D:4      | Reached skill level 5 in Hexes
  4473 | D:4      | Reached skill level 6 in Stealth
  4608 | D:5      | Reached * piety under Ashenzari
  4907 | D:5      | Learned a level 3 spell: Dazzling Spray
  5394 | D:5      | Gained mutation: You have razor-sharp teeth. [Vine Stalker growth]
  5394 | D:5      | Reached XP level 8. HP: 31/36 MP: 15/15
  5549 | D:6      | Reached skill level 7 in Stealth
  5856 | D:6      | Found a snail-covered altar of Cheibriados.
  5857 | D:6      | Found a sacrificial altar of Ru.
  5857 | D:6      | Found an opulent altar of Gozag.
  5858 | D:6      | Found a shadowy altar of Dithmenos.
  5858 | D:6      | Found a glowing silver altar of Zin.
  5904 | D:6      | Identified the Collected Works on Icy Attacks
  5968 | D:6      | Reached ** piety under Ashenzari
  6356 | D:6      | Reached skill level 1 in Fighting
  6356 | D:6      | Reached skill level 1 in Conjurations
  6620 | D:4      | Bought a +0 buckler for 58 gold pieces
  6711 | D:7      | Found an iron altar of Okawaru.
  6726 | D:7      | Reached skill level 1 in Shields
  6901 | D:7      | Reached XP level 9. HP: 41/41 MP: 16/16
  7264 | D:7      | Killed an unseen horror
  7264 | D:7      | Reached skill level 5 in Short Blades
  7445 | D:8      | Found a sand-covered staircase.
  7454 | Ossuary  | Entered an ossuary
  7457 | Ossuary  | Noticed 4thArraOfDagon's ghost (amateur TrMo)
  7473 | Ossuary  | Killed 4thArraOfDagon's ghost
  7516 | Ossuary  | Reached *** piety under Ashenzari
  8011 | D:8      | Noticed Prince Ribbit
  8030 | D:8      | Reached XP level 10. HP: 49/49 MP: 16/17
  8124 | D:8      | Killed Prince Ribbit
  8420 | D:8      | Found a staircase to the Lair.
  8423 | D:8      | Noticed Erolcha
  8788 | D:8      | Killed Erolcha
  8788 | D:8      | Reached skill level 5 in Conjurations
  9227 | D:4      | Bought a +0 pair of gloves of strength for 149 gold pieces
  9329 | D:7      | Reached skill level 5 in Dodging
  9329 | D:7      | Reached skill level 8 in Hexes
  9329 | D:7      | Reached XP level 11. HP: 54/54 MP: 18/18
  9348 | D:8      | Noticed Joseph
  9353 | D:8      | Killed Joseph
  9353 | D:8      | Reached skill level 5 in Fighting
  9915 | D:8      | Noticed Erica
 10065 | D:8      | Noticed Maurice
 10074 | D:8      | Killed Maurice
 10284 | Lair:1   | Entered Level 1 of the Lair of Beasts
 10284 | Lair:1   | Identified the +2 ring mail "Xyrha" {rC+ Int+2}
 11259 | Lair:2   | Found a frozen archway.
 11332 | IceCv    | Entered an ice cave
 11666 | IceCv    | Noticed an ice statue
 11678 | IceCv    | Killed an ice statue
 11688 | IceCv    | Learned a level 3 spell: Regeneration
 11691 | IceCv    | Learned a level 2 spell: Shroud of Golubria
 11714 | IceCv    | Reached skill level 1 in Translocations
 11770 | IceCv    | Reached skill level 1 in Charms
 11783 | IceCv    | Reached skill level 1 in Necromancy
 11885 | IceCv    | Reached skill level 1 in Armour
 11943 | IceCv    | Gained mutation: You regenerate. [Vine Stalker growth]
 11943 | IceCv    | Reached XP level 12. HP: 60/60 MP: 19/19
 12381 | IceCv    | Reached skill level 9 in Stealth
 12451 | IceCv    | Noticed a death yak
 12451 | IceCv    | Noticed a frost giant
 12451 | IceCv    | Noticed a death yak
 12470 | IceCv    | Killed a frost giant
 12476 | IceCv    | Killed a death yak
 12498 | IceCv    | Killed a death yak
 12883 | Lair:2   | Reached **** piety under Ashenzari
 13006 | Lair:2   | Noticed a four-headed hydra
 13151 | Lair:2   | Killed a four-headed hydra
 13151 | Lair:2   | Reached XP level 13. HP: 63/65 MP: 20/20
 13666 | Lair:3   | Reached skill level 10 in Stealth
 14617 | Lair:4   | Found a hole to the Spider Nest.
 14791 | Lair:4   | Reached ***** piety under Ashenzari
 14849 | Lair:4   | Identified a scroll of acquirement
 15237 | Lair:4   | Reached skill level 5 in Ice Magic
 16405 | Lair:6   | Reached skill level 5 in Spellcasting
 16647 | Lair:6   | Reached ****** piety under Ashenzari
 16761 | Lair:6   | Learned a level 6 spell: Freezing Cloud
 16845 | Lair:6   | Reached XP level 14. HP: 72/72 MP: 22/23
 16931 | Lair:6   | Reached skill level 1 in Air Magic
 17184 | Lair:6   | Reached skill level 11 in Stealth
 17441 | Lair:6   | Found a staircase to the Swamp.
 18064 | Lair:8   | Entered Level 8 of the Lair of Beasts
 18087 | Lair:8   | Found a staircase to the Slime Pits.
 18675 | Lair:8   | Found a burning altar of Makhleb.
 18683 | Lair:8   | Found a gateway to Hell.
 19860 | D:8      | Noticed Pikel
 19865 | D:8      | Killed Pikel
 19950 | D:8      | Noticed an orc knight
 19964 | D:8      | Killed an orc knight
 20002 | D:8      | Noticed an orc knight
 20013 | D:8      | Killed an orc knight
 20422 | D:8      | Killed Erica
 20422 | D:8      | Reached skill level 5 in Air Magic
 21040 | D:9      | Found a staircase to the Orcish Mines.
 21389 | Orc:1    | Entered Level 1 of the Orcish Mines
 21488 | Orc:1    | Noticed Snorg
 21505 | Orc:1    | Killed Snorg
 21863 | Orc:2    | Noticed Nergalle
 21872 | Orc:2    | Killed Nergalle
 22036 | Orc:1    | Found Ihudd's General Store.
 22065 | Orc:1    | Bought a scroll of identify for 26 gold pieces
 22095 | Orc:1    | Identified the +7 rapier "Paqah" {pierce, rC+ SInv}
 22232 | Orc:3    | Found a staircase to the Elven Halls.
 22254 | Orc:3    | Found Mownu's Quality Used Wands.
 22985 | Orc:4    | Entered Level 4 of the Orcish Mines
 22992 | Orc:4    | Reached XP level 15. HP: 77/77 MP: 21/24
 24664 | Orc:4    | Reached skill level 12 in Stealth
 24892 | Orc:4    | Found Vyecid's Antique Armour Shoppe.
 24892 | Orc:4    | Found Igiemefi's General Store.
 24897 | Orc:4    | Found Zyastrape's Antique Armour Shoppe.
 24897 | Orc:4    | Found Jeqon's Assorted Antiques.
 24906 | Orc:4    | Bought a scroll of remove curse for 102 gold pieces
 24906 | Orc:4    | Bought a scroll of remove curse for 102 gold pieces
 24908 | Orc:4    | Bought a scroll of remove curse for 36 gold pieces
 24913 | Orc:4    | Bought an ancient hat for 297 gold pieces
 24966 | Orc:4    | Identified the +2 hat of the Jabberwock {+Blink} (You bought it in a shop on level 4 of the Orcish Mines)
 25108 | Orc:3    | Noticed asdu's ghost (journeyman KoTm)
 25143 | Orc:3    | Killed asdu's ghost
 25386 | D:10     | Entered Level 10 of the Dungeon
 25557 | D:10     | Found a blossoming altar of Fedhas.
 26817 | D:11     | Noticed Urug
 26827 | D:11     | Killed Urug
 27100 | D:12     | Noticed Josephine
 27136 | D:12     | Killed Josephine
 27217 | D:12     | Gained mutation: Your system is resistant to poisons. [potion of mutation]
 27217 | D:12     | Gained mutation: You are frail (-10% HP). [potion of mutation]
 27217 | D:12     | Gained mutation: Your mind is acute. (Int +2) [potion of mutation]
 27218 | D:12     | Gained mutation: You are partially covered in yellow scales (AC +2). [potion of mutation]
 27218 | D:12     | Lost mutation: Your mind is acute. (Int +2) [potion of mutation]
 27218 | D:12     | Gained mutation: You are resistant to electric shocks. [potion of mutation]
 27269 | D:12     | Found Edonirr's Armour Emporium.
 27270 | D:12     | Noticed Azrael
 27320 | D:12     | Killed Azrael
 27338 | D:12     | Noticed Rupert
 27348 | D:12     | Killed Rupert
 27711 | D:12     | Noticed Frances
 27718 | D:12     | Killed Frances
 28392 | D:13     | Found a gate to the Vaults.
 28787 | D:13     | Reached skill level 10 in Conjurations
 28787 | D:13     | Reached XP level 16. HP: 59/75 MP: 26/26
 29662 | D:14     | Found Edairat's General Store.
 30094 | D:15     | Entered Level 15 of the Dungeon
 30248 | D:15     | Found Yzankito's Antique Weapon Shoppe.
 30249 | D:15     | Found Alion's Magic Scroll Shoppe.
 30276 | D:15     | Bought a scroll of identify for 40 gold pieces
 30276 | D:15     | Bought a scroll of remove curse for 60 gold pieces
 30337 | D:15     | Found a staircase to the Depths.
 30443 | D:15     | Identified the +4 quarterstaff "Sumidoq" {freeze, rN+ Str+2 Int+4}
 30587 | D:15     | Gained mutation: You are partially covered in rough black scales (AC +4, Dex -1). [mutagenic meat]
 30588 | D:15     | Gained mutation: You are clumsy. (Dex -2) [mutagenic meat]
 30589 | D:15     | Lost mutation: You are clumsy. (Dex -2) [mutagenic meat]
 30590 | D:15     | Gained mutation: Your body sometimes deteriorates upon taking damage. [mutagenic meat]
 30591 | D:15     | Lost mutation: Your body sometimes deteriorates upon taking damage. [potion of cure mutation]
 30591 | D:15     | Lost mutation: You are frail (-10% HP). [potion of cure mutation]
 30591 | D:15     | Lost mutation: Your system is resistant to poisons. [potion of cure mutation]
 30591 | D:15     | Lost mutation: You are resistant to electric shocks. [potion of cure mutation]
 30626 | D:15     | Found Urusygept's Magic Scroll Emporium.
 30656 | D:15     | Bought a scroll of acquirement for 884 gold pieces
 30656 | D:15     | Bought a scroll of brand weapon for 340 gold pieces
 30656 | D:15     | Bought a scroll of brand weapon for 340 gold pieces
 30658 | D:15     | Identified the cursed -2 hat "Raimiuh" {MR+ Str+3 Dex+5} (You acquired it on level 15 of the Dungeon)
 30930 | D:15     | Found Guap's Jewellery Shop.
 30991 | D:15     | Found Zuuc's Armour Emporium.
 31158 | D:15     | Bought the +3 pair of gauntlets of War {Slay+5} for 760 gold pieces
 31635 | Spider:1 | Entered Level 1 of the Spider Nest
 31875 | Spider:1 | Reached skill level 13 in Stealth
 31884 | Spider:1 | Reached skill level 1 in Evocations
 32375 | Spider:1 | Found a roughly hewn altar of Beogh.
 33062 | Spider:1 | Reached XP level 17. HP: 88/88 MP: 28/28
 33655 | Spider:2 | Reached skill level 10 in Short Blades
 33734 | Spider:2 | Reached skill level 10 in Fighting
 33739 | Spider:2 | Paralysed by a hornet for 2 turns
 33891 | Spider:2 | Reached skill level 5 in Armour
 35203 | Spider:3 | Noticed Arachne
 35226 | Spider:3 | Killed Arachne
 35226 | Spider:3 | Reached skill level 14 in Stealth
 35320 | Spider:3 | Learned a level 6 spell: Invisibility
 35702 | Spider:4 | Entered Level 4 of the Spider Nest
 36847 | Spider:4 | Reached skill level 5 in Charms
 37093 | Spider:4 | Reached XP level 18. HP: 95/95 MP: 30/30
 37108 | Spider:4 | Got a gossamer rune of Zot
 38030 | Swamp:1  | Entered Level 1 of the Swamp
 38531 | Swamp:1  | Identified the +3 robe of the Farrier {rN+ rCorr}
 38873 | Swamp:1  | Noticed Nikola
 38893 | Swamp:1  | Killed Nikola
 38893 | Swamp:1  | Reached skill level 10 in Dodging
 40507 | Swamp:2  | Identified the ring of Koraph {rC+ Str+3 Dex+4 Stlth-}
 40528 | Swamp:2  | Learned a level 6 spell: Deflect Missiles
 41019 | Swamp:3  | Noticed a tentacled monstrosity
 41872 | Swamp:4  | Entered Level 4 of the Swamp
 42717 | Swamp:4  | Reached skill level 15 in Stealth
 42723 | Swamp:4  | Noticed a tentacled monstrosity
 42891 | Swamp:4  | Reached XP level 19. HP: 42/100 MP: 12/33
 43108 | Swamp:3  | Killed a tentacled monstrosity
 43780 | Swamp:4  | Killed a tentacled monstrosity
 43780 | Swamp:4  | Reached skill level 10 in Spellcasting
 44225 | Swamp:4  | Got a decaying rune of Zot
 44939 | Vaults:1 | Entered Level 1 of the Vaults
 45788 | Vaults:1 | Learned a level 6 spell: Haste
 46304 | Vaults:1 | Found Xoesm's Antique Armour Shoppe.
 46312 | Vaults:1 | Bought a crude scale mail for 216 gold pieces
 46312 | Vaults:1 | Identified the +0 scale mail "Conuewua" {Regen+} (You bought it in a shop on level 1 of the Vaults)
 46696 | Vaults:2 | Noticed Jory
 46730 | Vaults:2 | Killed Jory
 46805 | Vaults:2 | Gained mutation: Scrolls take you a little longer to read. [mutagenic glow]
 46919 | Vaults:2 | Lost mutation: You are partially covered in rough black scales (AC +4, Dex -1). [potion of cure mutation]
 46919 | Vaults:2 | Lost mutation: Scrolls take you a little longer to read. [potion of cure mutation]
 46919 | Vaults:2 | Lost mutation: You are partially covered in yellow scales (AC +2). [potion of cure mutation]
 47267 | Vaults:2 | Reached XP level 20. HP: 98/105 MP: 36/36
 47393 | Vaults:2 | Noticed Norris
 47412 | Vaults:2 | Reached skill level 16 in Stealth
 47429 | Vaults:2 | Killed Norris
 47666 | Vaults:2 | Gained mutation: You are weak. (Str -2) [a cacodemon]
 48914 | Vaults:3 | Found a radiant altar of Vehumet.
 49229 | Vaults:3 | Noticed a bone dragon
 49254 | Vaults:3 | Killed a bone dragon
 49508 | Vaults:3 | Found a staircase to the Crypt.
 49758 | Vaults:3 | Paralysed by a hornet for 3 turns
 50210 | Vaults:3 | Identified Roxanne's Tome of Transmutation
 50452 | Vaults:3 | Reached XP level 21. HP: 58/112 MP: 27/38
 50594 | Vaults:3 | Reached skill level 17 in Stealth
 50775 | Vaults:3 | Identified the Incunabulum of Beguiling
 51038 | Vaults:3 | Identified the cursed +3 pair of gloves of Impressiveness {rN+ Int+6} (You acquired it on level 3 of the Vaults)
 51053 | Vaults:3 | Identified the Volume of Excruciating Heat (You found it on level 3 of the Vaults)
 51227 | Vaults:3 | Noticed a bone dragon
 51290 | Vaults:3 | Killed a bone dragon
 51578 | Vaults:3 | Identified the Catalogue of Evil Arts
 51618 | Vaults:3 | Learned a level 5 spell: Dispel Undead
 52186 | Vaults:4 | Found Xeixeov's Magic Scroll Boutique.
 52775 | Vaults:4 | Noticed Frederick
 52782 | Vaults:4 | Killed Frederick
 52795 | Vaults:4 | Identified the cursed ring "Ufuerras" {rF+ rC+ Int+3 Dex-3}
 52806 | Vaults:4 | Identified the cursed +0 ring mail "Siuzutse" {*Corrode +Inv Int+4}
 54477 | Vaults:2 | Reached skill level 18 in Stealth
 54988 | Elf:1    | Entered Level 1 of the Elven Halls
 55199 | Elf:1    | Reached XP level 22. HP: 106/118 MP: 30/41
 55625 | Elf:1    | Found Bogasix's Assorted Antiques.
 55636 | Elf:1    | Bought a bone wand for 152 gold pieces
 55732 | Elf:1    | Found Yceerots's Gadget Shoppe.
 56139 | Elf:1    | Found Ohoegh's Gadget Boutique.
 56167 | Elf:1    | Found Xeniobb's Distillery.
 56519 | Elf:2    | Found a runed gate.
 56521 | Elf:2    | Found a runed gate.
 56537 | Elf:2    | Found a magical portal.
 56584 | WizLab   | Entered Iskenderun's Mystic Tower
 56744 | WizLab   | Reached skill level 15 in Spellcasting
 57786 | WizLab   | Identified Iskenderun's Handbook of Blows and Bruises
 57786 | WizLab   | Identified Iskenderun's Collected Works on Attacks
 57804 | WizLab   | Learned a level 1 spell: Apportation
 57917 | Elf:2    | Learned a level 5 spell: Warp Weapon
 58007 | Elf:2    | Found a runed gate.
 59227 | Elf:3    | Entered Level 3 of the Elven Halls
 60414 | Elf:3    | Identified the +7 flail of Tension {venom, Dex+3} (You took it off a deep elf annihilator on level 3 of the Elven Halls)
 60414 | Elf:3    | Reached skill level 1 in Throwing
 61017 | Elf:3    | Reached skill level 19 in Stealth
 61171 | Elf:3    | Reached XP level 23. HP: 124/124 MP: 44/44
 61206 | Elf:3    | Identified the +6 battleaxe "Fuog" {holy, -Tele rPois rF++} (You took it off a deep elf high priest on level 3 of the Elven Halls)
 61755 | Elf:3    | Identified the +2 ring mail "Iseenn" {Slay+2}
 61762 | Elf:3    | Identified the +10 broad axe of Imminent Death {chop, MR+ Int+2 Dex+2}
 61815 | Elf:3    | Learned a level 3 spell: Ozocubu's Armour
 61908 | Elf:3    | Learned a level 4 spell: Condensation Shield
 62438 | D:4      | Bought a blackened bronze amulet for 125 gold pieces
 62438 | D:4      | Bought a small moonstone ring for 125 gold pieces
 62438 | D:4      | Bought a steam dragon armour for 1000 gold pieces
 63454 | Depths:1 | Entered Level 1 of the Depths
 63511 | Depths:1 | Found a viscous altar of Jiyva.
 63577 | Depths:1 | Reached skill level 5 in Throwing
 64048 | Depths:1 | Found Esayss's Assorted Antiques.
 64171 | Depths:1 | Bought a scroll labeled BORIBAEF XUDA for 47 gold pieces
 64320 | Depths:1 | Found a snail-covered altar of Cheibriados.
 65416 | Depths:2 | Found a one-way gate leading to the halls of Pandemonium.
 65524 | Depths:2 | Found a gateway to a ziggurat.
 65810 | Depths:2 | Found a large runed door.
 65811 | Depths:2 | Found a large runed door.
 65988 | Depths:2 | Found a burning altar of Makhleb.
 65989 | Depths:2 | Found a burning altar of Makhleb.
 66392 | Depths:2 | Noticed Sojobo
 66445 | Depths:2 | Reached skill level 10 in Throwing
 66567 | Depths:2 | Killed Sojobo
 66567 | Depths:2 | Reached XP level 24. HP: 94/130 MP: 14/44
 66684 | Depths:2 | HP: 4/130 [soul eater (6)]
 67869 | Depths:2 | Reached skill level 20 in Stealth
 68465 | Lair:6   | Learned a level 6 spell: Bolt of Cold
 69227 | Depths:3 | Found a shattered altar of Ashenzari.
 69278 | Depths:3 | Noticed a juggernaut
 69752 | Depths:2 | Reached skill level 15 in Fighting
 69989 | Depths:3 | Identified the ring of Nikh {MP+9 Slay+2 Stlth+}
 70002 | Depths:3 | Identified the amulet of Odyguzai {Stasis rPois} (You took it off a centaur warrior on level 3 of the Depths)
 70243 | Depths:3 | Noticed Aizul
 70270 | Depths:3 | Killed Aizul
 70445 | Depths:2 | Mangled by a caustic shrike

Vault maps used:
D:1:      scummos_arrival_star, serial_corexii_hall, corexii_hall_statues_l,
          corexii_hall_statues_i, corexii_hall_statues_i, corexii_hall_statues_x
D:2:      lemuel_doored_altar, first_bread
D:3:      serial_bayou, serial_bayou_pond_b, serial_bayou_pond_b,
          serial_bayou_pond_e, serial_bayou_pond_a
D:4:      kennysheep_mini, temple_doors_c, serial_shops, shop, shop,
          nicolae_shop_crystal, nicolae_shop_trees
D:5:      minivault_14
D:6:      grunt_temple_overflow_open
D:7:      okawaru_metal_pillars_1_2
D:8:      lemuel_castle_with_subvaults, minmay_lair_entry_grove,
          nicolae_ossuary_entry_ruins, uniq_pikel, uniq_prince_ribbit1,
          uniq_maurice, uniq_joseph, uniq_erolcha, uniq_erica
D:9:      minmay_orc_entry_guard_dogs
D:10:     fedhas_altar_3
D:11:     uniq_urug
D:12:     serial_shops, kennysheep_little_box, uniq_frances, uniq_rupert,
          uniq_josephine, uniq_azrael
D:13:     david_vaults_1, david_nohive_1, minivault_25, ldierk_geyser
D:14:     serial_shops, shop_fountains, hangedman_decor_lopped,
          dk_noncrumbling_4, kennysheep_minor_cross
D:15:     grunt_enter_depths_hoard, nrook_mini_vaults, serial_shops,
          nicolae_shop_stone, nicolae_shop_waterfront,
          nicolae_shop_window_shopping, nicolae_shop_stone, shop
Lair:2:   portal_ice_cave_entry_imps
Lair:4:   nicolae_spider_entry_orb_guardian
Lair:5:   infiniplex_staircase_pool_2, lemuel_fruit_fields
Lair:6:   minmay_swamp_entry_swarm
Lair:7:   bh_autumn_forest_stairs
Lair:8:   evil_forest, nicolae_slime_entry_slimehenge, serial_bayou_lagoon_a
Swamp:1:  serial_swamp_ruin, evilmike_swamp_ruin_rubble_1,
          evilmike_swamp_ruin_wall, evilmike_swamp_ruin_house_1, uniq_nikola
Swamp:2:  evilmike_swamp_ruin_rubble_2, swamp_pool1,
          nicolae_swamp_oklob_treasure_island
Swamp:3:  evilmike_swamp_ruin_house_3
Swamp:4:  swamp_vile
Spider:1: nicolae_spider_mines_2, guppyfry_wasp_nest
Spider:2: nicolae_spider_ant_collections
Spider:3: uniq_arachne
Spider:4: grunt_spider_rune_circles, nicolae_orb_island
Orc:1:    serial_shops, shop, minmay_orc_keep, uniq_snorg
Orc:2:    uniq_nergalle
Orc:3:    nicolae_orc_pool_cavern, nicolae_for_you_no_charge
Orc:4:    grunt_orc_tribal_feast
Elf:1:    serial_shops, nicolae_shop_crystal, shop, nicolae_shop_waterfront,
          shop, hangedman_elven_crosses_minicolossus, amethyst_killhole,
          st_stairs_5, nooodl_food_tri
Elf:2:    mu_enter_wizlab_2
Elf:3:    elf_hall
Vaults:1: ontoclasm_vaults_fault, nicolae_vaults_puzzle_piece,
          ontoclasm_vaults_ring_small, hangedman_vaults_stream,
          nicolae_vaults_ring_of_whatevers, serial_ice_g,
          nicolae_vaults_border_crossing, grunt_vaults_swirl, serial_shops,
          shop_fountains
Vaults:2: st_hourglassy, nicolae_vaults_little_squares_4,
          vaults_room_fancy_cross, v_misc_27, v_misc_24, grunt_vaults_focal,
          vaults_room_ringed_pool, v_misc_18, nicolae_vaults_three_branches,
          uniq_norris, uniq_jory
Vaults:3: vaults_room_door_hall, hangedman_vaults_capsules,
          vaults_room_hangedman_quadrants, minmay_crypt_entry_nasty_monster,
          vaults_standard_mumra_lines, ontoclasm_vaults_ring_large,
          nicolae_vaults_mini_display_case, dpeg_vaults_monster_row, v_misc_9,
          ontoclasm_vaults_ring_square, nicolae_vaults_little_squares_3,
          vaults_room_pool, v_misc_24, serial_hangedman_research,
          hangedman_research_probablistics, hangedman_research_metamorphosis,
          hangedman_research_pyrotechnics, hangedman_research_thanatology,
          basic_altar
Vaults:4: ontoclasm_vaults_ring_small, v_rooms_1, nicolae_vaults_octagons,
          vaults_dpeg_doors, ontoclasm_vaults_bender, hangedman_vaults_slice,
          hangedman_vaults_variations, vaults_dpeg_hooks, vaults_dpeg_ring,
          serial_shops, shop, uniq_frederick
Depths:1: special_room, serial_bayou, serial_bayou_ford_a, serial_bayou_pond_c,
          serial_bayou_pond_a, serial_bayou_lake_a, hangedman_geh_valley,
          serial_shops, nicolae_shop_statue_plus, minmay_stone_trees_small,
          cheibriados_altar_1
Depths:2: lightli_eight_chambers, enter_ziggurat_b, grunt_pan_entry_in_and_out,
          hell_entry, grunt_guarded_unrand_obsidian_axe, uniq_sojobo
Depths:3: minmay_expanding_squares, hangedman_coc_ice_floe,
          grunt_pan_entry_sceptre, hangedman_decor_points, abyss_entry,
          grunt_ministairs_11, ashenzari_altar_1,
          infiniplex_staircase_pillars_2, uniq_aizul
Ossuary:  ossuary_zaba_flooded
IceCv:    ice_cave_caverns_02
WizLab:   wizlab_iskenderun

Action                   |  1- 3 |  4- 6 |  7- 9 | 10-12 | 13-15 | 16-18 | 19-21 | 22-24 || total
-------------------------+-------+-------+-------+-------+-------+-------+-------+-------++-------
Melee: Dagger            |   106 |   153 |   325 |   402 |  1017 |       |       |       ||  2003
       Rapier            |       |       |       |       |   418 |  1171 |  1642 |   516 ||  3747
       Pair of quick bla |       |       |       |       |       |       |       |  1297 ||  1297
 Fire: Blowgun           |       |       |       |       |       |       |       |    14 ||    14
Throw: Javelin           |       |    18 |    21 |       |       |     3 |       |       ||    42
 Cast: Corona            |    11 |     1 |       |       |       |       |       |       ||    12
       Ensorcelled Hiber |     2 |    66 |    48 |    82 |   152 |   254 |     2 |       ||   606
       Tukima's Dance    |       |       |    10 |     7 |    26 |    15 |    45 |    17 ||   120
       Confuse           |       |       |    19 |     8 |     5 |    16 |     2 |       ||    50
       Dazzling Spray    |       |       |    33 |   117 |   277 |   204 |   113 |    32 ||   776
       Regeneration      |       |       |       |       |    12 |    43 |    37 |    37 ||   129
       Shroud of Golubri |       |       |       |       |     6 |    22 |    24 |     4 ||    56
       Freezing Cloud    |       |       |       |       |     3 |       |     4 |    16 ||    23
       Invisibility      |       |       |       |       |       |    16 |    25 |    23 ||    64
       Deflect Missiles  |       |       |       |       |       |     1 |     2 |     6 ||     9
       Haste             |       |       |       |       |       |       |    14 |     2 ||    16
       Dispel Undead     |       |       |       |       |       |       |     9 |     3 ||    12
       Condensation Shie |       |       |       |       |       |       |       |    24 ||    24
       Ozocubu's Armour  |       |       |       |       |       |       |       |    20 ||    20
       Bolt of Cold      |       |       |       |       |       |       |       |     4 ||     4
Invok: Scrying           |       |       |       |       |     2 |       |       |       ||     2
 Abil: Evoke Blink       |       |       |       |       |       |     1 |       |       ||     1
Evoke: Wand              |       |       |     8 |     9 |    12 |     8 |    17 |     3 ||    57
       Box of beasts     |       |       |       |       |     9 |       |       |       ||     9
  Use: Scroll            |       |       |    13 |    24 |    20 |    19 |     8 |    30 ||   114
       Potion            |       |       |     5 |     3 |     4 |     8 |     9 |       ||    29
 Stab: Sleeping          |    13 |    37 |    46 |    54 |   164 |   178 |    55 |    52 ||   599
       Distracted        |       |     2 |     6 |     2 |    15 |     6 |    11 |    13 ||    55
       Confused          |       |       |    12 |     6 |     6 |     7 |     1 |       ||    32
       Invisible         |       |       |     4 |    32 |    48 |    99 |   111 |   116 ||   410
  Eat: Chunk             |     2 |     6 |    11 |    21 |    55 |    34 |    48 |    31 ||   208
       Meat ration       |       |     1 |       |     2 |     1 |       |     1 |     6 ||    11
       Beef jerky        |       |       |     3 |     1 |     3 |     3 |     2 |     1 ||    13
       Pizza             |       |       |     2 |       |     2 |     2 |     2 |       ||     8
       Royal jelly       |       |       |     1 |       |       |    10 |       |       ||    11
       Fruit             |       |       |       |       |       |     4 |       |       ||     4
